Map: Prion Terraces

Players

Nerchio - Winner!

  • Race: Zerg Zerg

Showtime

  • Race: Protoss Protoss

Event: DreamHack Open Tours WCS Spring Championship

VOD

https://youtu.be/EBJAX5OvKrU?t=1h3m44s

Description

Time

  • Played on: May 16, 2016, 9:34 a.m.
  • Length: 12:01

All games in this series

Show
View Real Time Build Order
Export as new Build Order

Nerchio Zerg - Winner!

Build Orders: Hatch First, Lurkers 

Get SALT Encoding   

  12  0:00  Drone  
  13  0:12  Overlord  
  13  0:17  Drone  
  14  0:30  Drone x2  
  14  0:34  Drone  
  17  0:52  Hatchery  
  17  0:55  Drone  
  17  0:59  Drone  
  17  1:01  Extractor  
  17  1:14  Spawning Pool  
  17  1:17  Drone  
  17  1:20  Drone  
  18  1:28  Drone  
  19  1:38  Overlord  
  19  1:49  Drone  
  20  2:00  Queen  
  22  2:04  Queen  
  22  2:06  Zergling x2  
  22  2:07  Metabolic Boost  
  25  2:09  Zergling x2  
  25  2:14  Drone  
  27  2:16  Drone  
  28  2:24  Drone  
  28  2:26  Drone  
  30  2:34  Drone  
  31  2:42  Drone  
  31  2:44  Zergling x2, Hatchery  
  31  2:48  Overlord  
  32  2:54  Drone  
  32  2:58  Drone  
  34  3:04  Queen  
  36  3:09  Drone x3  
  36  3:12  Drone x2  
  41  3:14  Drone x2  
  41  3:15  Drone  
  41  3:19  Overlord  
  43  3:28  Overlord  
  43  3:32  Overlord  
  43  3:36  Queen  
  45  3:42  Queen  
  45  3:44  Drone  
  45  3:45  Drone x2  
  45  3:47  Drone x2  
  45  3:48  Drone x2  
  53  3:49  Drone  
  53  3:51  Drone  
  53  3:52  Drone  
  57  3:57  Roach Warren  
  57  4:01  Queen  
  58  4:07  Drone x3  
  58  4:08  Extractor  
  58  4:18  Zergling x2  
  58  4:19  Zergling x12  
  58  4:21  Queen  
  62  4:26  Queen  
  62  4:30  Spore Crawler  
  63  4:32  Spore Crawler  
  63  4:34  Zergling x4  
  63  4:37  Spore Crawler  
  61  4:45  Queen  
  61  4:48  Zergling x6  
  65  4:56  Zergling x2  
  65  4:57  Zergling x6  
  69  5:03  Zergling x8  
  73  5:08  Overlord  
  73  5:09  Overlord  
  72  5:14  Zergling x2  
  72  5:15  Zergling x2  
  72  5:18  Zergling x6  
  73  5:22  Overlord  
  73  5:26  Zergling x6  
  73  5:31  Zergling x8  
  73  5:35  Zergling x6  
  75  5:36  Zergling x2  
  75  5:37  Zergling x2  
  75  5:40  Zergling x4  
  78  5:43  Zergling x2  
  78  5:47  Zergling x2  
  80  5:55  Zergling x4  
  78  5:57  Zergling x2  
  78  5:58  Zergling x2  
  78  6:00  Lair x2  
  79  6:04  Drone  
  79  6:07  Evolution Chamber  
  79  6:08  Drone  
  79  6:09  Drone x3  
  79  6:10  Drone  
  84  6:12  Drone  
  84  6:16  Spore Crawler  
  84  6:18  Drone x2  
  86  6:19  Drone  
  86  6:21  Drone  
  88  6:30  Drone x4  
  88  6:31  Drone  
  91  6:35  Evolution Chamber, Drone  
  91  6:36  Drone  
  91  6:39  Drone x3  
  95  6:41  Drone  
  95  6:42  Drone  
  95  6:44  Drone x2  
  97  6:48  Overlord, Extractor  
  97  6:50  Overlord  
  97  6:53  Overlord  
  95  6:54  Extractor  
  95  6:56  Overlord  
  95  6:58  Glial Reconstitution  
  94  7:01  Hydralisk Den  
  94  7:07  Zerg Melee Weapons Level 1  
  93  7:08  Zerg Missile Weapons Level 1  
  93  7:09  Roach x2  
  93  7:13  Drone x2  
  99  7:29  Drone  
  100  7:31  Pneumatized Carapace  
  100  7:32  Drone x3  
  100  7:33  Hatchery  
  100  7:34  Extractor  
  100  7:38  Extractor  
  100  7:41  Hydralisk  
  100  7:42  Hydralisk x4  
  108  7:47  Muscular Augments  
  108  7:48  Hydralisk  
  108  7:50  Hydralisk  
  112  7:55  Hydralisk, Extractor  
  112  7:57  Overlord  
  113  8:05  Hydralisk x2  
  112  8:06  Hydralisk  
  112  8:07  Zergling x2  
  112  8:11  Overlord  
  119  8:13  Overlord  
  118  8:20  Zergling x8  
  118  8:21  Zergling x2  
  118  8:24  Zergling x2  
  118  8:26  Overlord  
  123  8:27  Ravager  
  123  8:28  Ravager  
  123  8:30  Hydralisk  
  123  8:33  Hydralisk  
  125  8:36  Hydralisk  
  126  8:44  Hydralisk  
  126  8:45  Hydralisk x2  
  126  8:48  Zergling x4  
  133  8:50  Hydralisk  
  133  8:54  Hydralisk  
  135  8:59  Hydralisk  
  135  9:00  Zergling x4  
  130  9:03  Hydralisk  
  130  9:09  Lurker Den  
  127  9:12  Hydralisk  
  127  9:13  Hydralisk  
  127  9:18  Hydralisk  
  127  9:19  Zergling x2  
  127  9:20  Zergling x2  
  127  9:22  Zergling x4  
  132  9:26  Zergling x4  
  132  9:29  Hydralisk  
  132  9:31  Extractor  
  135  9:34  Hydralisk  
  137  9:39  Hydralisk x2  
  137  9:44  Zergling x6  
  137  9:45  Zergling x2  
  144  9:46  Zergling x2  
  138  9:53  Hydralisk  
  138  9:54  Hydralisk  
  138  9:56  Zergling x4  
  129  10:00  Zergling x4  
  129  10:01  Zergling x2  
  120  10:09  Zergling x4  
  120  10:13  Hydralisk x2  
  123  10:19  Zergling x2  
  124  10:22  Hydralisk x2  
  124  10:25  Hydralisk  
  129  10:29  Hydralisk  
  129  10:32  Hydralisk  
  126  10:36  Hydralisk  
  126  10:39  Hydralisk  
  126  10:42  Zergling x2  
  128  10:45  Zergling x6  
  128  10:57  Hydralisk  
  128  10:58  Hydralisk x3  
  128  11:02  Drone x3  
  139  11:08  Lurker x3  
  139  11:09  Lurker  
  143  11:11  Overseer  
  143  11:15  Drone x2  
  143  11:17  Drone  
  146  11:21  Zergling x6  
  146  11:23  Zergling x2  
  146  11:25  Zergling x2  
  141  11:34  Hydralisk  
  141  11:36  Zergling x8  
  141  11:37  Zergling x2  
  141  11:38  Lurker  
  147  11:40  Zergling x2  
  150  11:49  Lurker x4  
  149  11:55  Lurker  
  149  11:58  Lurker  
Show
View Real Time Build Order
Export as new Build Order

Showtime Protoss 

Build Orders: 1 Gate Expand, Oracle Opening 

Get SALT Encoding   

  12  0:00  Probe (Chrono Boost)  
  13  0:11  Probe (Chrono Boost)  
  14  0:18  Pylon  
  14  0:22  Probe (Chrono Boost)  
  15  0:36  Probe (Chrono Boost)  
  15  0:40  Gateway  
  16  0:45  Assimilator  
  16  0:47  Probe (Chrono Boost)  
  17  0:58  Probe (Chrono Boost)  
  18  1:08  Probe (Chrono Boost)  
  19  1:19  Probe (Chrono Boost)  
  20  1:26  Nexus  
  20  1:34  Cybernetics Core  
  20  1:37  Probe (Chrono Boost)  
  21  1:43  Assimilator  
  21  1:48  Probe (Chrono Boost)  
  21  1:53  Pylon  
  22  1:58  Probe (Chrono Boost)  
  23  2:11  Probe (Chrono Boost), Warp Gate, Adept (Chrono Boost)  
  26  2:23  Probe  
  27  2:35  Probe, Stargate  
  28  2:39  Probe, Adept (Chrono Boost)  
  31  2:47  Probe  
  31  2:50  Probe  
  33  2:59  Probe (Chrono Boost)  
  33  3:01  Mothership Core (Chrono Boost)  
  36  3:06  Pylon  
  36  3:11  Probe (Chrono Boost)  
  37  3:18  Assimilator  
  37  3:20  Probe (Chrono Boost), Assimilator  
  37  3:23  Oracle (Chrono Boost)  
  37  3:24  Probe  
  42  3:30  Probe, Gateway  
  42  3:31  Gateway  
  43  3:35  Adept  
  43  3:37  Probe  
  43  3:40  Probe  
  46  3:47  Pylon  
  47  3:49  Probe  
  47  3:51  Probe  
  47  3:52  Pylon  
  49  3:56  Oracle (Chrono Boost)  
  49  4:01  Probe  
  53  4:04  Probe  
  54  4:13  Probe  
  54  4:14  Probe  
  56  4:25  Probe, Nexus  
  56  4:27  Pylon  
  57  4:36  Twilight Council  
  57  4:39  Probe, Forge  
  57  4:41  Probe  
  59  4:54  Sentry  
  59  4:55  Sentry, Gateway x2  
  59  4:57  Gateway  
  59  4:58  Sentry  
  65  5:05  Blink  
  65  5:08  Pylon  
  65  5:10  Pylon  
  64  5:19  Sentry x2  
  64  5:23  Protoss Ground Weapons Level 1 (Chrono Boost)  
  62  5:29  Pylon  
  62  5:31  Sentry  
  62  5:35  Probe x2  
  64  5:40  Gateway  
  64  5:42  Stalker  
  64  5:43  Stalker  
  64  5:45  Gateway  
  68  6:02  Pylon  
  61  6:04  Sentry x2, Stalker x2, Pylon  
  61  6:09  Stalker  
  70  6:16  Pylon  
  70  6:17  Stalker  
  72  6:35  Stalker x4  
  80  6:45  Robotics Facility  
  80  6:50  Zealot x3  
  86  6:55  Pylon  
  86  7:10  Nexus  
  86  7:14  Pylon  
  86  7:29  Stalker x3  
  92  7:34  Pylon, Observer  
  93  7:46  Photon Cannon, Sentry x2  
  93  7:47  Sentry  
  93  7:48  Pylon  
  93  7:51  Sentry x2  
  101  7:57  Probe x2  
  105  8:03  Warp Prism  
  107  8:09  Probe x2  
  109  8:24  Probe x2, Stalker x2  
  109  8:25  Sentry  
  117  8:36  Stalker x3  
  123  8:49  Probe  
  123  8:51  Probe x2  
  123  8:53  Zealot x4  
  130  9:08  Sentry  
  130  9:09  Sentry x3, Pylon  
  138  9:11  Pylon  
  138  9:27  Stalker  
  138  9:28  Stalker x3  
  146  9:32  Pylon  
  146  9:38  Stalker x4  
  150  9:56  Stalker x3  
  150  9:57  Stalker  
  94  10:11  Immortal  
  94  10:13  Stalker x2  
  90  10:16  Stalker  
  90  10:21  Stalker  
  94  10:23  Zealot x2  
  94  10:26  Zealot  
  100  10:33  Stalker  
  98  10:42  Stalker x3  
  104  10:46  Stalker  
  106  10:52  Zealot x2  
  106  10:53  Zealot  
  110  11:04  Stalker  
  110  11:08  Stalker x2  
  110  11:09  Stalker  
  114  11:14  Pylon  
  108  11:30  Stalker  
  108  11:31  Stalker x2  
  108  11:42  Stalker x3  
  111  11:53  Zealot x2  
  108  11:56  Zealot  

Tags
 
Add a new tag
Caveats
  • Supply blocks, unpowered buildings, or Contaminate may cause inaccurate times.
  • Supply counts are checked every 10 seconds.